 Dungeon Crawl Stone Soup version 0.27.1-33-g824d729ab1 (webtiles) character file.

Game seed: 8606431838185582539

61 hawla the Grave Robber (level 3, -2/19 HPs)
             Began as a Deep Elf Necromancer on Nov 16, 2021.
             Shot with a stone by a goblin (3 damage)
             ... led by Robin
             ... on level 2 of the Dungeon on Dec 28, 2021.
             The game lasted 00:06:46 (2462 turns).

hawla the Grave Robber (Deep Elf Necromancer)       Turns: 2462, Time: 00:06:46

Health: -2/19      AC:  2    Str:  5    XL:     3   Next: 83%
Magic:  0/10       EV: 12    Int: 20    God:
Gold:   41         SH:  0    Dex: 15    Spells: 6/10 levels left

rFire    . . .     SeeInvis .   d - +4 short sword (venom)
rCold    . . .     Faith    .   (no shield)
rNeg     . . .     Spirit   .   a - +0 robe
rPois    .         Reflect  .   (no helmet)
rElec    .         Harm     .   (no cloak)
rCorr    .         Rampage  .   (no gloves)
Will     .....                  (no boots)
Stlth    ++........             (no amulet)
HPRegen  0.06/turn              (no ring)
MPRegen  0.12/turn              (no ring)

@: no status effects
A: no striking features
a: no special abilities


You were on level 2 of the Dungeon.
You visited 1 branch of the dungeon, and saw 2 of its levels.

You collected 41 gold pieces.

Inventory:

Hand Weapons
 d - a +4 short sword of venom (weapon)
Armour
 a - a +0 robe (worn)
Scrolls
 b - a scroll of magic mapping
 c - 2 scrolls of holy word
Potions
 e - 2 potions of invisibility {unknown}
 f - a potion of attraction


   Skills:
 + Level 2.6 Dodging
 + Level 2.9 Stealth
 - Level 4.0 Spellcasting
 + Level 5.9 Necromancy


You had 6 spell levels left.
You knew the following spells:

 Your Spells              Type           Power      Damage    Failure   Level
a - Pain                  Necr           100%       1d9       1%          1
b - Vampiric Draining     Necr           13%        2d7       3%          3

Your spell library contained the following spells:

 Spells                   Type           Power      Damage    Failure   Level
 Animate Skeleton         Necr           54%        N/A       1%          1
 Animate Dead             Necr           13%        N/A       12%         4
 Freeze                   Ice            16%        1d4       13%         1
 Shock                    Conj/Air       16%        1d4       13%         1
 Agony                    Necr           27%        N/A       32%         5
 Frozen Ramparts          Ice            8%         1d2       36%         3
 Swiftness                Air            4%         N/A       36%         3
 Airstrike                Air            2%         N/A       77%         4
 Hailstorm                Conj/Ice       4%         3d4       77%         4


Dungeon Overview and Level Annotations

Branches:
Dungeon (2/15)

Altars:


Message History

Items here: )))))) [[ †††.
A goblin comes into view. It is wielding a +0 club.
The goblin unwields a +0 club.
The goblin wields a +0 hunting sling.
The goblin shoots a stone.
The stone hits you.
You see here a +0 dagger.
Okay, then.
The goblin shoots a stone.
The stone hits you. The hobgoblin closely misses you.
The goblin shoots a stone.
The stone hits you.
* * * LOW HITPOINT WARNING * * *
Items here: )))))) [[ †††.
You closely miss the hobgoblin. The hobgoblin hits you.
* * * LOW HITPOINT WARNING * * *
The goblin shoots a stone.
The stone barely misses you.
Casting: Pain (safe; 1% risk of failure)
Confirm with . or Enter, or press ? or * to list all spells.
Aiming: Pain (safe; 1% risk of failure)
Press: ? - help, Shift-Dir - straight line, f - hobgoblin
Aim: a hobgoblin (chance to affect: 93%)
The hobgoblin writhes in agony!
You kill the hobgoblin!
The goblin shoots a stone.
The stone barely misses you.
You see here a hobgoblin corpse.
You see here a +0 club.
A goblin comes into view. It is wielding a +0 club.
There is an open door here.
Casting: Pain (safe; 1% risk of failure)
Confirm with . or Enter, or press ? or * to list all spells.
Aiming: Pain (safe; 1% risk of failure)
Press: ? - help, Shift-Dir - straight line, f - goblin
Aim: a goblin, wielding a +0 club (wandering, hasn't noticed you, chance to affect: 93%)
The goblin shouts!
The goblin writhes in agony.
The goblin shoots a stone.
The stone barely misses you.
You hit the goblin.
You kill the goblin!
The goblin shoots a stone.
The stone hits you.
* * * LOW HITPOINT WARNING * * *
The goblin shoots a stone.
The stone hits you.
You die...

###.#####...#
#......##...###########
####.#..'....##.g.)†).#
#.#..#....##.#####g#
#....#..........##.#
#.#..####.......##..
#.##.............#...
...........#'#...#g#.#
######......#@#...'...#
#......#)#...###.#
#......'.##### #
#...†g†#.# #......###
#......# #......#
#......# ########


You could see a goblin.

Vanquished Creatures
  Robin (D:2)
  3 dart slugs (D:1)
  A ball python (D:2)
  4 bats (D:1)
  2 endoplasms (D:1)
  9 goblins
  9 hobgoblins
  2 quokkas (D:1)
  A frilled lizard (D:1)
  6 kobolds (D:1)
  2 rats
40 creatures vanquished.

Vanquished Creatures (others)
  A demonic plant (D:1)
  7 fungi (D:1)
8 creatures vanquished.

Grand Total: 48 creatures vanquished

Notes
Turn   | Place    | Note
-------+----------+-------------------------------------------
     0 | D:1      | hawla the Deep Elf Necromancer began the quest for the Orb.
     0 | D:1      | Reached XP level 1. HP: 10/10 MP: 6/6
   246 | D:1      | Reached skill level 5 in Necromancy
   509 | D:1      | Upgraded the game from 0.27.1-4-g1640c2035a to
                  | 0.27.1-33-g824d729ab1
   590 | D:1      | Reached XP level 2. HP: 7/15 MP: 1/8
  1469 | D:1      | Reached XP level 3. HP: 16/19 MP: 7/10
  1514 | D:1      | Found a faded altar of an unknown god.
  2363 | D:2      | Learned a level 3 spell: Vampiric Draining
  2419 | D:2      | Noticed Robin
  2423 | D:2      | Killed Robin
  2462 | D:2      | Shot with a stone by a goblin

Illustrated notes

Levels and vault maps discovered:
D:1:      dpeg_arrival_circle_labyrinth_c, layout_basic,
          shapermc_ecumenical_altar_gd, st_stairs_4, minmay_misc_feat_rows,
          columned_hall_lemuel
D:2:      layout_basic, uniq_robin

Skill      XL: |  1  2  3 |
---------------+----------+-----
Necromancy     | 5 |  5.9
Spellcasting   | 4 |  4.0
Dodging        | |  2.6
Stealth        | |  2.9

Action                   || total
-------------------------++-------
Melee: Unarmed           ||     1
       Short sword       ||     6
 Cast: Pain              ||    67
       Vampiric Draining ||     1
  Use: Scroll            ||     4
Armor: Robe              ||     6
Dodge: Dodged            ||    14
